 Dungeon Crawl Stone Soup version 0.17-a0-1093-g0b3cd89 (webtiles) character file.

152 Hanyuu the Insei (level 5, -6/34 HPs)
             Began as an Octopode Transmuter on May 20, 2015.
             Mangled by a gnoll
             ... wielding a +0 spear
              (9 damage)
             ... on level 3 of the Dungeon.
             The game lasted 00:06:47 (2161 turns).

Hanyuu the Insei (Octopode Transmuter)              Turns: 2161, Time: 00:06:47

Health: -6/34      AC:  2    Str:  9    XL:     5   Next: 34%
Magic:  3/8        EV: 20    Int: 16    God:
Gold:   64         SH:  0    Dex: 18    Spells: 3 memorised, 2 levels left

rFire  . . .     SeeInvis .       - Unarmed
rCold  . . .     Clarity  .     (shield currently unavailable)
rNeg   . . .     SustAb   .     (helmet currently unavailable)
rPois  x         Gourm    .     (no amulet)
rElec  .         Spirit   .     (no ring)
rCorr  .         Warding  .     (no ring)
rMut   .         Stasis   .     (no ring)
MR     .....                    (no ring)
Stlth  ++........               (no ring)
                                (no ring)
                                (no ring)
                                (no ring)

@: spider-form (expiring), very slightly contaminated, not resistant to hostile
enchantments, unstealthy
A: almost no armour, amphibious, 8 rings, (constrict 8), (camouflage 0),
(gelatinous body 0)
a: End Transformation


You were on level 3 of the Dungeon.
You were not hungry.
You were a venomous arachnid creature.
You visited 1 branch of the dungeon, and saw 3 of its levels.

You collected 64 gold pieces.

Inventory:

Hand weapons
 a - a +0 blowgun
Missiles
 g - 2 tomahawks (quivered)
 i - 12 arrows
 r - 17 poisoned needles
Magical devices
 k - a wand of flame (44)
Scrolls
 e - a scroll of enchant weapon {unknown}
 h - 2 scrolls of remove curse
Potions
 l - a potion of brilliance {unknown}
 n - 2 potions of cure mutation
 o - a potion of heal wounds {unknown}
Books
 b - a book of Changes

   Spells                             Type                      Level
   a - Beastly Appendage              Transmutation                1
   b - Sticks to Snakes               Transmutation                2
   c - Spider Form                    Transmutation/Poison         3
   d - Ice Form                       Ice/Transmutation            4
   e - Blade Hands                    Transmutation                5
Miscellaneous
 q - a plain deck of changes
Comestibles
 c - 2 bread rations
 d - a meat ration
 p - 3 fruits


   Skills:
 + Level 1.8 Fighting
 - Level 2.0 Dodging
 * Level 5.4 Unarmed Combat
 - Level 2.0 Spellcasting
 + Level 2.4 Transmutations


You had 2 spell levels left.
You knew the following spells:

 Your Spells              Type           Power        Failure   Level  Hunger
a - Beastly Appendage     Trmt           #.....       24%         1    #......
b - Sticks to Snakes      Trmt           #.........   32%         2    ###....
c - Spider Form           Trmt/Pois      #.........   61%         3    ###....


Dungeon Overview and Level Annotations

Branches:
Dungeon (3/15)

Altars:
Yredelemnul


Innate Abilities, Weirdness & Mutations

You cannot wear most types of armour.
You are amphibious.
You can wear up to eight rings at the same time.
((You can use your tentacles to constrict eight enemies at once.))
((Your skin changes colour to match your surroundings (Stealth).))
((Your rubbery body absorbs attacks (AC +1).))


Message History

You hit the rat.
The rat is poisoned.
The rat is severely wounded.
You kill the rat!
You hit the gnoll.
You kill the gnoll!
The gnoll completely misses you. The gnoll misses you.
You hit the gnoll.
The gnoll is poisoned.
The gnoll is lightly wounded.
Your transformation is almost over.
The gnoll barely misses you. x2
You hit the gnoll.
The gnoll is lightly wounded.
The gnoll hits you from afar with a spear!
* * * LOW HITPOINT WARNING * * *
The gnoll completely misses you.
You hit the gnoll.
You kill the gnoll!
The gnoll hits you but does no damage. The gnoll hits you with a spear!
You die...

,,,***,,,,,,,,,,,,,,,,,,,,,,,,,,,
,,,,,,,,,,,,,,,,.............*,,*
,,**,,,,***,**###............#*,,
****,,,,* #,**#.........$....#*,,
** *>,,,* #.,*#.#*...........#*,,
,* *,,,,* *#.,#.#*#..........#**,
** *,,,,* *#.#.###..%.......# **
* *,,,,*####..g.##........>.##
*,,,,........s.............##
***,,....................#..#
*,,,.........!...........#.#
*,,,...........#...........#*
*,,,...........#........#...*
*,,,...........#........#*,,*
*,,,...........#........#*,,,
**,,,.........##......<.#****
**,,,.......###........#


You could see a gnoll.

Vanquished Creatures
  Jessica (D:2)
  5 adders (D:2)
  2 gnolls (D:3)
  An ooze (D:3)
  A worm (D:2)
  3 giant geckos
  5 bats
  A giant cockroach (D:2)
  6 hobgoblins
  3 kobolds
  3 ball pythons
  2 giant newts
  7 goblins (D:2)
  9 jackals
  6 rats
55 creatures vanquished.

Notes
Turn   | Place    | Note
--------------------------------------------------------------
     0 | D:1      | Hanyuu the Octopode Transmuter began the quest for the Orb.
     0 | D:1      | Reached XP level 1. HP: 13/13 MP: 3/3
   302 | D:1      | Reached XP level 2. HP: 13/18 MP: 5/5
   625 | D:2      | Noticed Jessica
   637 | D:2      | Killed Jessica
   637 | D:2      | Reached skill level 4 in Unarmed Combat
   637 | D:2      | Reached XP level 3. HP: 8/23 MP: 4/6
   645 | D:2      | Learned a level 2 spell: Sticks to Snakes
   649 | D:2      | Learned a level 3 spell: Spider Form
  1085 | D:2      | Reached XP level 4. HP: 23/28 MP: 7/7
  1157 | D:2      | Reached skill level 5 in Unarmed Combat
  1677 | D:2      | Found a basalt altar of Yredelemnul.
  1854 | D:2      | Reached XP level 5. HP: 20/33 MP: 8/8
  2161 | D:3      | Mangled by a gnoll

Vault maps used:
D:1:      lemuel_arrival_cross
D:2:      yredelemnul_altar_generic, amalloy_card_club, uniq_jessica
D:3:      grunt_gozag_breadcrumbs, minivault_11

Action                   |  1- 3 |  4- 6 || total
-------------------------+-------+-------++-------
Melee: Unarmed           |    57 |    84 ||   141
 Cast: Beastly Appendage |     4 |     6 ||    10
       Spider Form       |       |     1 ||     1
  Use: Scroll            |       |     5 ||     5
 Stab: Sleeping          |     2 |     4 ||     6
       Distracted        |     1 |       ||     1
  Eat: Chunk             |     1 |     3 ||     4
